 Dungeon Crawl Stone Soup version 0.26.1-12-g5ba1501909 (webtiles) character file.

Game seed: 9381650213625618143

77 Zeld the Sneak (level 4, -2/29 HPs)
             Began as an Octopode Brigand on Oct 25, 2021.
             Slain by a kobold
             ... wielding a +0 dagger of speed
              (5 damage)
             ... on level 2 of the Dungeon.
             The game lasted 00:01:42 (1709 turns).

Zeld the Sneak (Octopode Brigand)                   Turns: 1709, Time: 00:01:43

Health: -2/29      AC:  1    Str: 10    XL:     4   Next: 33%
Magic:  4/4        EV:  8    Int: 13    God:
Gold:   38         SH:  3    Dex: 14    Spells: 3/3 levels left

rFire    + . .     SeeInvis .   a - +2 dagger
rCold    . . .     Faith    .   j - +0 buckler
rNeg     . . .     Spirit   .   (helmet restricted)
rPois    .         Reflect  .   d - amulet of inaccuracy (curse)
rElec    .         Harm     .   f - ring of protection from fire
rCorr    .         Rampage  .   h - -4 ring of evasion (curse)
Will     .....                  (no ring)
Stlth    ++++......             (no ring)
HPRegen  0.09/turn              (no ring)
MPRegen  0.09/turn              (no ring)
                                (no ring)
                                (no ring)

@: lethally poisoned (-2 -> -9)
A: almost no armour, stealthy swim, amphibious, 8 rings, constrict 8, camouflage
1, gelatinous body 1
a: no special abilities


You were on level 2 of the Dungeon.
You visited 1 branch of the dungeon, and saw 2 of its levels.

You collected 38 gold pieces.

Inventory:

Hand Weapons
 a - a +2 dagger (weapon)
Missiles
 b - 8 poisoned darts (quivered)
 c - 2 curare-tipped darts
Armour
 j - a +0 buckler (worn)
Jewellery
 d - a cursed amulet of inaccuracy (around mantle)
 f - a ring of protection from fire (left tentacle)
 h - a cursed -4 ring of evasion (right tentacle)
Scrolls
 e - a scroll of magic mapping {unknown}
 g - 2 scrolls of remove curse {unknown}
 i - a scroll of teleportation {unknown}
Potions
 k - a potion of curing {unknown}


   Skills:
 + Level 2.3 Fighting
 * Level 2.7 Short Blades
 * Level 2.8 Throwing
 + Level 1.4 Dodging
 * Level 6.1 Stealth
 + Level 0.4 Shields


You had 3 spell levels left.
You didn't know any spells.
Your spell library was empty.

Dungeon Overview and Level Annotations

Branches:
Dungeon (2/15)

Altars:


Innate Abilities, Weirdness & Mutations

You cannot wear most types of armour.
You are very stealthy in the water. (Stealth+)
You are amphibious.
You can wear up to eight rings at the same time.
You can use your tentacles to constrict eight enemies at once.
Your skin changes colour to match your surroundings (Stealth+).
Your rubbery body absorbs attacks. (AC +1, EV +1)


Message History

You hit the adder.
You kill the adder!
You feel sick.
You closely miss the adder. You grab the adder. You squeeze the adder.
The adder is lightly wounded.
You constrict the adder.
You feel sick. The adder bites you. x2
* * * LOW HITPOINT WARNING * * *
You closely miss the adder.
The adder is moderately wounded.
You constrict the adder. The kobold barely misses you. The adder bites you.
* * * LOW HITPOINT WARNING * * *
You hit the adder. You squeeze the adder.
You kill the adder!
* * * LOW HITPOINT WARNING * * *
You feel sick. The kobold hits you but does no damage.
Unknown command.
You completely miss the kobold. Your grab misses the kobold.
Your squeeze misses the kobold. The kobold hits you but does no damage.
The kobold hits you with a +0 dagger of speed.
You die...

#....(....#
#.##S(....#
#.##......# #
#.###..†..# #.
#.##......#
###.##.##......#
#........S.....#
..####.#.......#
#@##.###### . ###
#.K......# ... ..
#........# #.#. #.
#........#
....##.###........#
.##.......#........#
...................#
..........)........#
...................#


You could see a kobold.

Vanquished Creatures
  Terence (D:2)
  2 adders (D:2)
  A dart slug (D:2)
  2 giant cockroaches
  6 goblins (D:1)
  3 hobgoblins
  2 jackals (D:1)
  4 bats (D:1)
  A frilled lizard (D:1)
  7 kobolds
  A leopard gecko zombie (D:2)
  2 rats (D:1)
32 creatures vanquished.

Notes
Turn   | Place    | Note
-------+----------+-------------------------------------------
     0 | D:1      | Zeld the Octopode Brigand began the quest for the Orb.
     0 | D:1      | Reached XP level 1. HP: 14/14 MP: 1/1
   306 | D:1      | Reached XP level 2. HP: 17/19 MP: 2/2
   893 | D:2      | Reached XP level 3. HP: 20/24 MP: 3/3
  1389 | D:2      | Noticed Terence
  1527 | D:2      | Killed Terence
  1528 | D:2      | Reached skill level 6 in Stealth
  1528 | D:2      | Reached XP level 4. HP: 16/29 MP: 4/4
  1709 | D:2      | Slain by a kobold

Illustrated notes

Levels and vault maps discovered:
D:1:      matt_arrival_grand_opening, layout_loops_ring, kennysheep_boxes
D:2:      layout_rooms, elyvilon_altar_4, uniq_terence, uniq_natasha

Skill      XL: |  1  2  3 |
---------------+----------+-----
Stealth        | 6 |  6.1
Fighting       | |  2.3
Short Blades   | |  2.7
Throwing       | |  2.8
Dodging        | |  1.4
Shields        | |  0.4

Action                   |  1- 3 |  4- 6 || total
-------------------------+-------+-------++-------
Melee: Dagger            |    53 |    12 ||    65
       Constrict         |    10 |     2 ||    12
       Tentacles         |     6 |     3 ||     9
 Stab: Sleeping          |    12 |       ||    12
       Distracted        |       |     1 ||     1
Armor: Skin              |     2 |     3 ||     5
Dodge: Dodged            |    12 |     1 ||    13
Block: Buckler           |     1 |     2 ||     3
